[Event "Titled Tuesday Blitz July 27 2021"]
[White "Gontcharov, Vladislav"]
[Black "Seo, Jung Min"]
[WhiteFideId "4123492"]
[BlackFideId "1734687"]
[WhiteElo "2503"]
[BlackElo "2486"]
[Result "1-0"]
[Round "04"]
[TimeControl "180+1"]
[Date "2021.07.27"]
[WhiteClock "0:00:16"]
[BlackClock "0:00:07"]

1. e4 e6 2. d4 d5 3. Bd3 dxe4 4. Bxe4 Nf6 5. Bf3 Nbd7 6. Ne2 c5 7. O-O a6 8. Nbc3 cxd4 9. Nxd4 Ne5 10. Be2 Bd6 11. Kh1 O-O 12. f4 Ng6 13. f5 exf5 14. Nxf5 Bxf5 15. Rxf5 Bb4 16. Bd2 Re8 17. Bd3 Qe7 18. a3 Bxc3 19. Bxc3 Ne4 20. Bb4 Qe6 21. Qf1 a5 22. Bc4 Qb6 23. Bxf7+ Kh8 24. Bxe8 Rxe8 25. Bxa5 Qxb2 26. Re1 Qxc2 27. Bc3 Qxc3 28. Rxe4 Rg8 29. Rf3 Qc6 30. Qe1 h6 31. Rg3 Nf8 32. h3 Nh7 33. Re6 Qc2 34. Qe4 Qc1+ 35. Qe1 Qc2 36. Qe2 Qc1+ 37. Kh2 Ng5 38. Re5 Rf8 39. Rexg5 hxg5 40. Qh5+ Kg8 41. Qxg5 Qxg5 42. Rxg5 Ra8 43. Rg3 Ra4 44. Rb3 b5 45. Kg3 g6 46. Kf3 Kg7 47. Ke3 Kf6 48. Kd2 g5 49. Kc3 Kg6 50. g3 Kh5 51. Kb2 Re4 52. Rxb5 Re2+ 53. Kb1 Rg2 54. g4+ Kh4 55. Rb3 Rf2 56. a4 Rf4 57. Ra3 Rf1+ 58. Kc2 Rf2+ 59. Kd1 Rf1+ 60. Ke2 Rb1 61. a5 Rb2+ 62. Kd1 Rb1+ 63. Kc2 Rb8 64. a6 Rc8+ 65. Kb1 Rb8+ 66. Ka2 Ra8 67. a7 1-0


[Site "https://www.chess.com"]

[Event "Titled Tuesday Blitz July 27 2021"]
[White "Grot, Blazej"]
[Black "Perez Gormaz, Matias"]
[WhiteFideId "21835845"]
[BlackFideId "3406342"]
[WhiteElo "1541"]
[BlackElo "2414"]
[Result "0-1"]
[Round "04"]
[TimeControl "180+1"]
[Date "2021.07.27"]
[WhiteClock "0:00:03"]
[BlackClock "0:00:04"]

1. e4 c5 2. Nf3 d6 3. Bb5+ Bd7 4. Bxd7+ Nxd7 5. c3 Ngf6 6. Qe2 Rc8 7. O-O Qc7 8. Na3 e6 9. d4 Be7 10. e5 Nd5 11. Nb5 Qb8 12. c4 N5b6 13. d5 dxe5 14. dxe6 fxe6 15. Bg5 Bf6 16. Bxf6 gxf6 17. Nh4 a6 18. Qh5+ Ke7 19. Nc3 Rcg8 20. Rad1 Rg5 21. Qh6 Qf8 22. Qxf8+ Rxf8 23. Nf3 Rgg8 24. b3 f5 25. a4 e4 26. Nd2 Ne5 27. f4 Nd3 28. g3 Rd8 29. a5 Nd7 30. Nf3 Nb8 31. Ne5 Nxe5 32. fxe5 Nc6 33. Na4 Nxe5 34. Nxc5 e3 35. Rde1 Ng4 36. Kg2 Rd2+ 37. Kg1 Nxh2 38. Rxe3 Nxf1 39. Rxe6+ Kf7 40. Kxf1 Rxg3 41. Rb6 Rc3 42. Rxb7+ Kg6 43. Rb6+ Kh5 44. Ke1 Ra2 45. Kd1 Rxa5 46. Na4 Rxb3 47. Rxb3 Rxa4 48. c5 Rc4 49. Rb6 Rxc5 50. Rxa6 Kg4 51. Ra7 h5 52. Ke2 Rc3 53. Kf2 Rc2+ 54. Kg1 f4 55. Rg7+ Kf3 56. Rh7 h4 57. Rg7 h3 58. Rh7 Kg3 59. Rg7+ Kf3 60. Rh7 Rg2+ 61. Kf1 Rg3 0-1


[Site "https://www.chess.com"]

[Event "Titled Tuesday Blitz July 27 2021"]
[White "Hansen, Eric"]
[Black "Zaichenko, Daria"]
[WhiteFideId "2606771"]
[BlackFideId "4197453"]
[WhiteElo "2568"]
[BlackElo "2039"]
[Result "1-0"]
[Round "04"]
[TimeControl "180+1"]
[Date "2021.07.27"]
[WhiteClock "0:02:17"]
[BlackClock "0:00:50"]

1. e4 c5 2. Nf3 Nc6 3. Bb5 d6 4. c3 e5 5. d4 cxd4 6. cxd4 Bd7 7. Nc3 Nf6 8. O-O Be7 9. h3 O-O 10. d5 Nb8 11. a4 a6 12. Bd3 h6 13. Be3 Nh7 14. Qb3 Bc8 15. Bb6 Qe8 16. a5 f5 17. exf5 Bxf5 18. Bxf5 Rxf5 19. Ne4 Nd7 20. Bc7 Qg6 21. Bxd6 Bxd6 22. Nh4 Qg5 23. Nxf5 Qxf5 24. Nxd6 Qg6 25. Qxb7 Rd8 26. Qc7 Qf6 27. Nb7 1-0


[Site "https://www.chess.com"]

[Event "Titled Tuesday Blitz July 27 2021"]
[White "Havanecz, Bianka"]
[Black "Begmuratov, Khumoyun"]
[WhiteFideId "704814"]
[BlackFideId "14210207"]
[WhiteElo "2378"]
[BlackElo "1932"]
[Result "0-1"]
[Round "04"]
[TimeControl "180+1"]
[Date "2021.07.27"]
[WhiteClock "0:00:01"]
[BlackClock "0:01:57"]

1. d4 Nf6 2. c4 c5 3. d5 b5 4. cxb5 a6 5. bxa6 Bxa6 6. Nc3 g6 7. e4 Bxf1 8. Kxf1 d6 9. Nf3 Nbd7 10. g3 Bg7 11. Kg2 O-O 12. a4 Qb6 13. Ra3 Rfb8 14. Re1 Ne8 15. h4 Nc7 16. h5 c4 17. h6 Bh8 18. Re2 Nc5 19. Be3 Qb4 20. Nd4 Bxd4 21. Qxd4 f6 22. g4 Nb3 23. Qd1 Na6 24. g5 Nac5 25. gxf6 exf6 26. Bxc5 Qxc5 27. Nb5 Re8 28. Qc2 Re5 29. Rxb3 cxb3 30. Qxc5 dxc5 31. Nc3 Rh5 32. Rd2 Rxh6 33. d6 Rd8 34. a5 g5 0-1


[Site "https://www.chess.com"]

[Event "Titled Tuesday Blitz July 27 2021"]
[White "Ismagilov, Damir"]
[Black "Kobo, Ori"]
[WhiteFideId "34199982"]
[BlackFideId "2812320"]
[WhiteElo "2075"]
[BlackElo "2431"]
[Result "1/2-1/2"]
[Round "04"]
[TimeControl "180+1"]
[Date "2021.07.27"]
[WhiteClock "0:00:30"]
[BlackClock "0:00:20"]

1. d4 d5 2. c4 e6 3. Nc3 c5 4. cxd5 exd5 5. Nf3 Nf6 6. g3 Nc6 7. Bg2 cxd4 8. Nxd4 Bc5 9. Nb3 Bb6 10. O-O d4 11. Na4 O-O 12. Bg5 Re8 13. Bxf6 Qxf6 14. Nxb6 axb6 15. Bxc6 bxc6 16. Qxd4 Qxd4 17. Nxd4 c5 18. Nb5 Rxe2 19. Rfe1 Rxa2 20. Nc3 Rxa1 21. Rxa1 Re8 22. Nd5 Be6 23. Nxb6 g5 24. Rc1 Rb8 25. Na4 c4 26. Nc5 Bh3 27. Rxc4 Rxb2 28. Rc1 Kg7 29. Ne4 h6 30. Nd6 Re2 31. Nc4 f6 32. Ne3 Kg6 33. Ra1 h5 34. Ng2 Rb2 35. Rc1 Ra2 36. Rb1 Bg4 37. Ne3 Bf3 38. Ng2 Rd2 39. Ne3 h4 40. gxh4 gxh4 41. h3 Ra2 42. Rc1 f5 43. Rb1 Kg5 44. Rc1 Be4 45. Rd1 Ra3 46. Kh2 Ra2 47. Kg1 Kf4 48. Ng2+ Kg5 49. Ne3 1/2-1/2


[Site "https://www.chess.com"]

[Event "Titled Tuesday Blitz July 27 2021"]
[White "Jeet, Jain"]
[Black "Solon, Nathan"]
[WhiteFideId "5073022"]
[BlackFideId "2017229"]
[WhiteElo "2085"]
[BlackElo "2638"]
[Result "1-0"]
[Round "04"]
[TimeControl "180+1"]
[Date "2021.07.27"]
[WhiteClock "0:01:15"]
[BlackClock "0:00:02"]

1. e4 c5 2. Nf3 d6 3. Bb5+ Nd7 4. c3 Nf6 5. Qe2 a6 6. Ba4 b5 7. Bc2 Bb7 8. O-O g6 9. d4 Bg7 10. Re1 O-O 11. e5 Nd5 12. e6 fxe6 13. Qxe6+ Kh8 14. Ng5 Qe8 15. Qh3 N7f6 16. Ne6 Rg8 17. Nxg7 Rxg7 18. Bh6 Rf7 19. Bg5 Kg8 20. Nd2 cxd4 21. cxd4 Rc8 22. Bb3 Qd7 23. Qh4 Qf5 24. Nf3 a5 25. a4 b4 26. h3 Ba6 27. g4 Qxf3 28. Bd1 Qd3 29. Be2 Qxe2 30. Rxe2 Bxe2 31. Re1 Rc2 32. b3 Ne4 33. Bh6 Nxf2 34. Qg3 Rf3 35. Qg2 Nxh3+ 36. Kh1 Nf2+ 37. Kg1 Nh3+ 38. Kh1 Nf2+ 39. Kg1 Nf6 40. Rxe2 Nh3+ 41. Kh1 Rxe2 42. Qxe2 1-0


[Site "https://www.chess.com"]

[Event "Titled Tuesday Blitz July 27 2021"]
[White "Jodorcovsky Werjivker, Paulo"]
[Black "Piesik, Piotr"]
[WhiteFideId "3700305"]
[BlackFideId "1136194"]
[WhiteElo "2142"]
[BlackElo "2354"]
[Result "0-1"]
[Round "04"]
[TimeControl "180+1"]
[Date "2021.07.27"]
[WhiteClock "0:00:08"]
[BlackClock "0:00:42"]

1. e4 g6 2. d4 Bg7 3. Nc3 c6 4. Bg5 d5 5. exd5 cxd5 6. Qd2 Nc6 7. Bb5 Nf6 8. f3 Be6 9. Nge2 a6 10. Bxc6+ bxc6 11. Bh6 O-O 12. O-O-O Rb8 13. Bxg7 Kxg7 14. Nf4 Qd6 15. Nxe6+ Qxe6 16. g4 Nd7 17. h4 h6 18. Rde1 Qd6 19. f4 Nb6 20. b3 c5 21. dxc5 Qxc5 22. f5 Rbc8 23. Nd1 Rc6 24. fxg6 fxg6 25. Re2 Rfc8 26. Nb2 e5 27. Rf1 Qe7 28. g5 Rxc2+ 29. Qxc2 Rxc2+ 30. Rxc2 hxg5 31. hxg5 Qxg5+ 32. Kb1 Qe7 33. Rcf2 e4 34. Nd1 d4 35. Rh1 Nd5 36. Rfh2 Qg5 37. Rh7+ Kf6 38. Rf1+ Ke5 39. Rh3 d3 40. Nf2 Nc3+ 41. Kb2 Qd2+ 42. Ka3 Qxa2+ 43. Kb4 Nd5+ 44. Kc4 Qc2# 0-1


[Site "https://www.chess.com"]

[Event "Titled Tuesday Blitz July 27 2021"]
[White "Katz, Alexander"]
[Black "Rustemov, Alexander"]
[WhiteFideId "2039796"]
[BlackFideId "4119002"]
[WhiteElo "2371"]
[BlackElo "2806"]
[Result "1-0"]
[Round "04"]
[TimeControl "180+1"]
[Date "2021.07.27"]
[WhiteClock "0:00:40"]
[BlackClock "0:00:40"]

1. e4 e6 2. d4 d5 3. Nd2 c5 4. exd5 Qxd5 5. Ngf3 cxd4 6. Bc4 Qd7 7. O-O Nf6 8. Nb3 Nc6 9. Nbxd4 Nxd4 10. Nxd4 a6 11. Re1 Bc5 12. c3 Bxd4 13. cxd4 b5 14. Bb3 Bb7 15. Qd3 O-O 16. Bg5 Nd5 17. Bc2 g6 18. Qh3 Rac8 19. Be4 f6 20. Bh6 Rfe8 21. Rad1 Bc6 22. Bb1 Qf7 23. Rd3 Bd7 24. Qf3 Rc4 25. a3 Rc7 26. h4 Bc6 27. Qg3 Ne7 28. Qxc7 Rc8 29. Qf4 Bd5 30. Rg3 Rc4 31. Rc1 Nc6 32. Rxc4 bxc4 33. Qd6 Qe7 34. Qxe7 Nxe7 35. Rc3 Nc6 36. Ba2 Na5 37. Bd2 Kf7 38. Rc1 Nc6 39. Bxc4 Nxd4 40. Be3 Nb5 41. Bxd5 exd5 42. a4 Nd6 43. Rc6 Nc4 44. Rxa6 Nxb2 45. a5 Nc4 46. Bd4 1-0


[Site "https://www.chess.com"]

[Event "Titled Tuesday Blitz July 27 2021"]
[White "Kim, Sergey"]
[Black "Nogerbek, Kazybek"]
[WhiteFideId "13700570"]
[BlackFideId "13710427"]
[WhiteElo "2547"]
[BlackElo "2466"]
[Result "0-1"]
[Round "04"]
[TimeControl "180+1"]
[Date "2021.07.27"]
[WhiteClock "0:00:04"]
[BlackClock "0:00:34"]

1. d4 g6 2. c4 Bg7 3. Nc3 d6 4. e4 Nc6 5. Nge2 e5 6. Be3 Nge7 7. d5 Nb8 8. Ng3 O-O 9. Qd2 f5 10. exf5 gxf5 11. Bh6 Ng6 12. Nh5 Bxh6 13. Qxh6 Qe7 14. O-O-O Nd7 15. Bd3 Nf6 16. Nxf6+ Rxf6 17. Qg5 Rf7 18. Qxe7 Rxe7 19. g3 Bd7 20. h4 a5 21. h5 Nh8 22. Rde1 Rf8 23. f4 b6 24. Rhf1 Rf6 25. fxe5 dxe5 26. g4 f4 27. g5 Rf8 28. Ne4 h6 29. Nf6+ Kg7 30. Nxd7 Rxd7 31. Rxe5 hxg5 32. Rxg5+ Kh6 33. Re5 Rdf7 34. Kd2 Rf6 35. Be4 Nf7 36. Re6 Ng5 37. Rxf6+ Rxf6 38. Kd3 Rf8 39. Bg6 Rf6 40. Kd4 f3 41. Ke3 c6 42. dxc6 Rxc6 43. b3 Re6+ 44. Kf4 Re2 0-1


[Site "https://www.chess.com"]

[Event "Titled Tuesday Blitz July 27 2021"]
[White "Koepke, Christian"]
[Black "Prraneeth Vuppala"]
[WhiteFideId "4655737"]
[BlackFideId "46622373"]
[WhiteElo "2216"]
[BlackElo "1759"]
[Result "1/2-1/2"]
[Round "04"]
[TimeControl "180+1"]
[Date "2021.07.27"]
[WhiteClock "0:00:09"]
[BlackClock "0:00:24"]

1. e4 c5 2. d3 Nc6 3. f4 g6 4. Nf3 Bg7 5. Be2 e6 6. O-O Nge7 7. c3 d5 8. Na3 O-O 9. Nc2 b6 10. e5 f6 11. d4 cxd4 12. cxd4 fxe5 13. fxe5 Nf5 14. Bg5 Qd7 15. g4 Nfe7 16. Qd2 a5 17. Rf2 Ba6 18. Bxa6 Rxa6 19. Raf1 Raa8 20. Kg2 Nb4 21. Nxb4 axb4 22. Qxb4 Nc6 23. Qxb6 Rfb8 24. Qc5 Rxa2 25. Bf6 Rbxb2 26. Bxg7 Kxg7 27. Kg1 Rxf2 28. Rxf2 Rxf2 29. Kxf2 Nd8 30. Qb6 Nf7 31. h4 h6 32. Kg3 h5 33. gxh5 gxh5 34. Ng5 Nxg5 35. hxg5 Kg6 36. Kh4 Qf7 37. Qd8 Qf4+ 38. Kh3 Qf5+ 39. Kh2 Qxg5 40. Qg8+ Kf5 41. Qf7+ Ke4 42. Qxe6 Kxd4 43. Qb6+ Kxe5 44. Qc7+ Ke4 45. Qc2+ Kd4 46. Qb2+ Kc5 47. Qa3+ Kc6 48. Qa8+ Kd6 49. Qb8+ Ke6 50. Qc8+ Ke7 51. Qc7+ Ke8 52. Qc6+ Kf8 53. Qd6+ Kg7 54. Qd7+ Kh6 55. Qe6+ Kh7 56. Qd7+ Kg6 57. Qe6+ Kg7 58. Qd7+ Kf6 59. Qd8+ Kg6 60. Qg8+ Kh6 61. Qh8+ Kg6 62. Qg8+ Kf5 63. Qxd5+ Kg4 64. Qg2+ Kf5 65. Qd5+ Kf4 66. Qd2+ Kf5 67. Qd5+ 1/2-1/2


[Site "https://www.chess.com"]

[Event "Titled Tuesday Blitz July 27 2021"]
[White "Kretov, Evgenij"]
[Black "Milosevic, Milos"]
[WhiteFideId "4167821"]
[BlackFideId "964875"]
[WhiteElo "2400"]
[BlackElo "2135"]
[Result "1-0"]
[Round "04"]
[TimeControl "180+1"]
[Date "2021.07.27"]
[WhiteClock "0:02:17"]
[BlackClock "0:00:18"]

1. d4 Nf6 2. c4 e6 3. Nc3 Bb4 4. Bg5 h6 5. Bh4 g5 6. Bg3 Ne4 7. Qc2 Nxg3 8. hxg3 Qf6 9. e3 Nc6 10. Nf3 d6 11. Bd3 Bd7 12. a3 Bxc3+ 13. Qxc3 e5 14. b4 exd4 15. Nxd4 Nxd4 16. exd4 O-O-O 17. O-O h5 18. Be4 h4 19. Qf3 Qxf3 20. gxf3 hxg3 21. fxg3 f5 22. Bd3 f4 23. g4 Rh3 24. Kg2 Bxg4 25. Be4 Rg3+ 26. Kf2 Rh8 27. Rh1 Bh3 28. Rag1 Kd8 29. Rxg3 fxg3+ 30. Kxg3 1-0


[Site "https://www.chess.com"]

[Event "Titled Tuesday Blitz July 27 2021"]
[White "Krivonosov, Oleg"]
[Black "Ozates, Tuna"]
[WhiteFideId "11600349"]
[BlackFideId "6354521"]
[WhiteElo "2469"]
[BlackElo "1872"]
[Result "1/2-1/2"]
[Round "04"]
[TimeControl "180+1"]
[Date "2021.07.27"]
[WhiteClock "0:01:00"]
[BlackClock "0:00:34"]

1. Nf3 c5 2. c4 Nc6 3. d4 cxd4 4. Nxd4 e6 5. Nc3 Nf6 6. Bf4 Bb4 7. Nb5 O-O 8. Bd6 Bxd6 9. Nxd6 Qb6 10. Qd2 Ne5 11. e3 Qc6 12. Rc1 b6 13. b3 Bb7 14. h3 Ne8 15. Nxb7 Qxb7 16. Qd4 d6 17. Qe4 Nc6 18. Be2 Nf6 19. Qf3 Rac8 20. O-O Qe7 21. Ne4 Nxe4 22. Qxe4 h6 23. Rfd1 Rfd8 24. Bf3 Ne5 25. Be2 Qc7 26. f4 Nd7 27. Bf3 Nf6 28. Qd4 d5 29. Qb2 dxc4 30. Rxc4 Rxd1+ 31. Bxd1 Qd7 32. Rxc8+ Qxc8 33. Bf3 Qc5 34. Qd2 g6 35. Kf2 h5 36. Qd4 Qxd4 37. exd4 Kf8 38. g4 hxg4 39. hxg4 Ke7 40. g5 Nd5 41. Bxd5 exd5 42. Kf3 Ke6 43. Kg4 f5+ 44. Kf3 Kd6 45. Ke3 Kc6 46. Kd3 Kb5 47. a3 a5 48. Kc3 a4 49. b4 Kc6 50. Kd3 Kb5 51. Kc3 Kc6 52. Kd3 Kb5 53. Kc3 1/2-1/2


[Site "https://www.chess.com"]

[Event "Titled Tuesday Blitz July 27 2021"]
[White "Langrock, Hannes"]
[Black "Terry, Renato"]
[WhiteFideId "4655290"]
[BlackFideId "3803457"]
[WhiteElo "2353"]
[BlackElo "2581"]
[Result "0-1"]
[Round "04"]
[TimeControl "180+1"]
[Date "2021.07.27"]
[WhiteClock "0:00:30"]
[BlackClock "0:01:50"]

1. d4 e6 2. c4 Bb4+ 3. Bd2 Qe7 4. Nf3 Nf6 5. g3 Nc6 6. Nc3 O-O 7. Bg2 d6 8. d5 Nb8 9. dxe6 fxe6 10. O-O Nc6 11. a3 Bxc3 12. Bxc3 e5 13. Ng5 h6 14. Ne4 Nxe4 15. Bxe4 Bh3 16. Bg2 Bxg2 17. Kxg2 Kh8 18. Qd5 Rf5 19. f4 Raf8 20. fxe5 Nxe5 21. c5 Ng4 22. cxd6 Qxe2+ 23. Kh3 Qxh2+ 24. Kxg4 Qh5# 0-1


[Site "https://www.chess.com"]

[Event "Titled Tuesday Blitz July 27 2021"]
[White "Lazavik, Denis"]
[Black "Mekhitarian, Krikor Sevag"]
[WhiteFideId "13515110"]
[BlackFideId "2107660"]
[WhiteElo "2436"]
[BlackElo "2598"]
[Result "1-0"]
[Round "04"]
[TimeControl "180+1"]
[Date "2021.07.27"]
[WhiteClock "0:01:35"]
[BlackClock "0:00:25"]

1. d4 Nf6 2. c4 e6 3. Nf3 b6 4. g3 Bb7 5. Bg2 Bb4+ 6. Bd2 Bxd2+ 7. Qxd2 d6 8. O-O O-O 9. Qf4 Nbd7 10. Nc3 Re8 11. e4 e5 12. Qe3 exd4 13. Nxd4 Nc5 14. f3 d5 15. cxd5 Nxd5 16. Nxd5 Qxd5 17. b4 Nd7 18. Qc3 Qe5 19. f4 Qe7 20. Nf5 Qf6 21. Qxc7 Qc6 22. Rac1 1-0


[Site "https://www.chess.com"]

[Event "Titled Tuesday Blitz July 27 2021"]
[White "Lee, Qing Aun"]
[Black "Araujo Sanchez, Josue"]
[WhiteFideId "5804167"]
[BlackFideId "6416896"]
[WhiteElo "2023"]
[BlackElo "2181"]
[Result "0-1"]
[Round "04"]
[TimeControl "180+1"]
[Date "2021.07.27"]
[WhiteClock "0:00:08"]
[BlackClock "0:01:24"]

1. e4 d5 2. exd5 Qxd5 3. Nc3 Qd6 4. d4 Nf6 5. Nf3 a6 6. g3 b5 7. Bf4 Qb6 8. Bg2 Bb7 9. O-O e6 10. a4 Bb4 11. Na2 Bd6 12. Ne5 O-O 13. a5 Qa7 14. Bxb7 Qxb7 15. b4 Nd5 16. Nd3 Nxf4 17. gxf4 Qd5 18. c3 Nc6 19. Nac1 Ne7 20. Ne5 f6 21. Ned3 Qf5 22. Qd2 Nd5 23. Ne2 Rae8 24. Ng3 Qg4 25. Qe2 Qh4 26. Qf3 Nxf4 27. Nxf4 Qxf4 28. Qxf4 Bxf4 29. Ne4 Bd6 30. Rfe1 h6 31. Re2 f5 32. Nd2 Kf7 33. Rae1 Re7 34. Nf3 Kf6 35. Ne5 Bxe5 36. Rxe5 Rd8 37. Rc5 Rd6 38. Ree5 c6 39. Kf1 g5 40. Ke2 h5 41. Ke3 h4 42. c4 Red7 43. cxb5 cxb5 44. Rc8 Rxd4 45. Rec5 Rxb4 46. Rf8+ Ke7 47. Rh8 Re4+ 48. Kf3 Rd3+ 49. Kg2 Kd6 50. Rc1 Ke5 51. f3 Re2+ 52. Kf1 Rxh2 53. Re1+ Kf4 54. Rxe6 Rd1+ 55. Re1 Rh1+ 56. Kg2 Rdxe1 0-1


[Site "https://www.chess.com"]

[Event "Titled Tuesday Blitz July 27 2021"]
[White "Liyanage, Ranindu Dilshan"]
[Black "Petukhov, Dmitry"]
[WhiteFideId "9915834"]
[BlackFideId "4142748"]
[WhiteElo "1839"]
[BlackElo "2356"]
[Result "1/2-1/2"]
[Round "04"]
[TimeControl "180+1"]
[Date "2021.07.27"]
[WhiteClock "0:00:04"]
[BlackClock "0:00:15"]

1. d4 Nf6 2. c4 g6 3. Nc3 d5 4. h4 Bg7 5. h5 gxh5 6. cxd5 Nxd5 7. Rxh5 Nxc3 8. bxc3 Nd7 9. Nf3 c5 10. e3 cxd4 11. exd4 Nf6 12. Rh1 Ne4 13. Bd3 Nxc3 14. Qc2 Nd5 15. Bd2 Bg4 16. Rc1 Rc8 17. Qa4+ Kf8 18. Qxa7 Rxc1+ 19. Bxc1 Nb4 20. Be4 f5 21. Qxb7 fxe4 22. Qxe4 Qd7 23. Qf4+ Ke8 24. Qb8+ Kf7 25. Qxb4 Rc8 26. Be3 Qd5 27. Qb3 Be6 28. Qb1 Bf5 29. Qb3 Qxb3 30. axb3 Rb8 31. Nd2 Ra8 32. Ke2 Bd7 33. Rb1 Bb5+ 34. Kf3 Bc6+ 35. Kg3 e5 36. dxe5 Bxe5+ 37. Bf4 Rg8+ 38. Kh3 Bd7+ 39. Kh2 Bxf4+ 40. g3 Bxd2 41. Rd1 Be6 42. Rxd2 Bxb3 43. Rd3 Be6 44. Re3 Ke7 45. f4 Rf8 46. Kg2 Kf6 47. Kf3 Bd5+ 48. Kg4 Rg8+ 49. Kh3 Be6+ 50. Kg2 Bg4 51. Rc3 h5 52. Rc6+ Be6 53. Kf3 Rb8 54. Rc5 Rb3+ 55. Kg2 Rb2+ 56. Kf3 Bg4+ 57. Ke3 Rb3+ 58. Kf2 Rf3+ 59. Kg2 Re3 60. Rc6+ Kf5 61. Rc5+ Ke6 62. Rc2 Re2+ 63. Rxe2+ Bxe2 64. Kh3 Bg4+ 65. Kh4 Kf5 1/2-1/2


[Site "https://www.chess.com"]

[Event "Titled Tuesday Blitz July 27 2021"]
[White "Lodici, Lorenzo"]
[Black "Jary, Sergey"]
[WhiteFideId "884189"]
[BlackFideId "14110350"]
[WhiteElo "2265"]
[BlackElo "2260"]
[Result "1-0"]
[Round "04"]
[TimeControl "180+1"]
[Date "2021.07.27"]
[WhiteClock "0:00:26"]
[BlackClock "0:01:02"]

1. g4 d5 2. Bg2 c6 3. c4 e6 4. d4 Nf6 5. g5 Nfd7 6. Nc3 a6 7. cxd5 cxd5 8. Bf4 Nc6 9. e3 h6 10. h4 hxg5 11. hxg5 Rxh1 12. Bxh1 b5 13. Qh5 g6 14. Qh7 Bb7 15. Nf3 Qe7 16. O-O-O Nb6 17. Ne1 b4 18. Ne2 e5 19. dxe5 Nxe5 20. Nd4 Nbc4 21. Kb1 f5 22. Qxe7+ Bxe7 23. Ne6 Rc8 24. Bxd5 Bxd5 25. Rxd5 Ng4 26. Nd3 Nd2+ 27. Ka1 Kf7 28. Nc7 Nf3 29. Rd7 Rh8 30. Kb1 Rh1+ 31. Kc2 Kf8 32. Kb3 Rd1 33. Nc5 Nxf2 34. N5e6+ Kf7 35. Nd8+ Kf8 36. Rxd1 Nxd1 37. Nc6 Nd2+ 38. Kc2 Nxb2 39. Kxb2 Nf3 40. Nxe7 Kxe7 41. Nxa6 1-0


[Site "https://www.chess.com"]

[Event "Titled Tuesday Blitz July 27 2021"]
[White "Luo, Terry"]
[Black "Krysa, Leandro"]
[WhiteFideId "30931045"]
[BlackFideId "116807"]
[WhiteElo "2024"]
[BlackElo "2490"]
[Result "1-0"]
[Round "04"]
[TimeControl "180+1"]
[Date "2021.07.27"]
[WhiteClock "0:02:05"]
[BlackClock "0:00:43"]

1. d4 Nf6 2. c4 e6 3. g3 d5 4. Bg2 Bb4+ 5. Bd2 Be7 6. Nf3 Nbd7 7. O-O O-O 8. Qc2 c6 9. Rd1 b6 10. Bf4 Ba6 11. Ne5 Nxe5 12. dxe5 Nd7 13. cxd5 cxd5 14. e4 Rc8 15. Nc3 d4 16. Rxd4 Qc7 17. Rad1 Nxe5 18. Qa4 Bb7 19. Rd7 Qxd7 20. Rxd7 Bc6 21. Bxe5 Bxa4 22. Rxe7 Bc6 23. Rxa7 Rfd8 24. Bf4 h6 25. Be3 b5 26. a3 Be8 27. e5 Rc4 28. Bf1 Rcc8 29. Bxb5 Rxc3 30. Bxe8 Rb3 31. Bxf7+ Kh8 32. Bxe6 Rxb2 33. Bf5 Rf8 34. Bg6 1-0


[Site "https://www.chess.com"]

[Event "Titled Tuesday Blitz July 27 2021"]
[White "Madaminov, Mukhiddin"]
[Black "Urquhart, Ed"]
[WhiteFideId "14210703"]
[BlackFideId "2603748"]
[WhiteElo "1747"]
[BlackElo "2184"]
[Result "1-0"]
[Round "04"]
[TimeControl "180+1"]
[Date "2021.07.27"]
[WhiteClock "0:00:28"]
[BlackClock "0:00:04"]

1. e4 c5 2. Nf3 e6 3. d4 cxd4 4. Nxd4 Nc6 5. Nc3 Qc7 6. g3 a6 7. Bg2 Nf6 8. O-O Be7 9. Re1 O-O 10. a4 d6 11. b3 Bd7 12. Bb2 Rac8 13. Qd2 Qb8 14. Rad1 Nxd4 15. Qxd4 b5 16. axb5 axb5 17. Ra1 b4 18. Nd5 exd5 19. exd5 Bd8 20. Re2 Re8 21. Rxe8+ Bxe8 22. g4 Qb6 23. Re1 Qxd4 24. Bxd4 Bd7 25. g5 Nh5 26. Bh3 f5 27. Ra1 Nf4 28. Bf1 Nh5 29. Be2 g6 30. Ra7 Rc7 31. Ra8 Rc8 32. Ra6 Bc7 33. Ra7 Be8 34. Ba6 1-0


[Site "https://www.chess.com"]

[Event "Titled Tuesday Blitz July 27 2021"]
[White "Maly, Alexey"]
[Black "De Silva, L M S T"]
[WhiteFideId "14103184"]
[BlackFideId "9953698"]
[WhiteElo "2285"]
[BlackElo "1621"]
[Result "1/2-1/2"]
[Round "04"]
[TimeControl "180+1"]
[Date "2021.07.27"]
[WhiteClock "0:00:42"]
[BlackClock "0:00:25"]

1. d4 Nf6 2. c4 e6 3. Nf3 b6 4. g3 Bb7 5. Bg2 g6 6. b3 Bg7 7. Bb2 O-O 8. O-O d6 9. Nbd2 Ne4 10. Nxe4 Bxe4 11. Qd2 Qe7 12. Rac1 Nd7 13. Rfd1 f5 14. Ne1 Bxg2 15. Nxg2 Rad8 16. Nf4 Bh6 17. e3 Nf6 18. d5 Bxf4 19. exf4 e5 20. fxe5 dxe5 21. Re1 e4 22. Qd4 c6 23. Rcd1 cxd5 24. cxd5 Rxd5 25. Qc4 b5 26. Qc6 Qd7 27. Qc2 Rc8 28. Qe2 Kf7 29. Rxd5 Qxd5 30. Rd1 Qc6 31. Qd2 Rc7 32. Qd8 Ne8 33. Qd4 Qf6 34. Qd5+ Qe6 35. Qd4 Qf6 36. Qd5+ Qe6 37. Qd4 Qf6 1/2-1/2


[Site "https://www.chess.com"]

[Event "Titled Tuesday Blitz July 27 2021"]
[White "Marchena Hurtado, Javier"]
[Black "Trent, Lawrence"]
[WhiteFideId "2271583"]
[BlackFideId "408638"]
[WhiteElo "2106"]
[BlackElo "2474"]
[Result "0-1"]
[Round "04"]
[TimeControl "180+1"]
[Date "2021.07.27"]
[WhiteClock "0:00:17"]
[BlackClock "0:02:20"]

1. e4 c5 2. Nf3 Nc6 3. d4 cxd4 4. Nxd4 e6 5. Nc3 Nf6 6. Ndb5 Bc5 7. Bf4 O-O 8. Bd6 Bxd6 9. Nxd6 Qb6 10. Nc4 Qc5 11. Qd6 Qxd6 12. Nxd6 Ne8 13. O-O-O Nxd6 14. Rxd6 f5 15. f3 f4 16. Bb5 Ne5 17. Ne2 a6 18. Ba4 Nc4 19. Rd3 b5 20. Bb3 Ne5 21. Rd6 g5 22. h3 Kg7 23. Rhd1 a5 24. a3 a4 25. Ba2 Ra6 26. Rxa6 Bxa6 27. Rd6 Bb7 28. Rb6 Bc6 29. Nd4 Kf6 30. c4 bxc4 31. Nxc6 dxc6 32. Rb4 Nd3+ 33. Kc2 Nxb4+ 34. axb4 a3 35. bxa3 Ra8 36. Bxc4 Rxa3 37. Kb2 Re3 38. Kc2 Ke5 39. Kd2 h5 40. b5 cxb5 41. Bxb5 Kd4 42. Be8 h4 43. Bd7 e5 44. Be6 Ra3 45. Bf7 Ra1 46. Ke2 Kc3 47. Be8 Rc1 48. Bb5 Rc2+ 49. Kf1 Kd2 50. Ba6 Ke3 51. Kg1 Rc1+ 52. Kh2 Kf2 0-1


[Site "https://www.chess.com"]

[Event "Titled Tuesday Blitz July 27 2021"]
[White "Martinez Alcantara, Jose Eduardo"]
[Black "Goncalves, Ivan Mesquita V"]
[WhiteFideId "3805662"]
[BlackFideId "2114224"]
[WhiteElo "2690"]
[BlackElo "2299"]
[Result "0-1"]
[Round "04"]
[TimeControl "180+1"]
[Date "2021.07.27"]
[WhiteClock "0:00:14"]
[BlackClock "0:00:08"]

1. c4 e6 2. Nf3 d5 3. g3 Nf6 4. Bg2 dxc4 5. O-O Be7 6. Qc2 c6 7. Qxc4 b5 8. Qc2 Bb7 9. b3 Nbd7 10. Bb2 O-O 11. d3 Qb6 12. Nbd2 a6 13. Rac1 c5 14. Qb1 Rac8 15. a3 Rfd8 16. Rfd1 Nd5 17. Qa1 Bf6 18. Ne4 Bxb2 19. Qxb2 N7f6 20. Nfd2 Nxe4 21. Nxe4 Ne7 22. b4 Bxe4 23. Bxe4 cxb4 24. axb4 Nf5 25. Bxf5 exf5 26. Qe5 g6 27. Rxc8 Rxc8 28. d4 Qe6 29. f4 Qb3 30. Rd3 Qxb4 31. Kg2 Rd8 32. Kf2 a5 33. d5 Qc5+ 34. Kg2 b4 35. h4 h5 36. d6 Qxe5 37. fxe5 Kf8 38. Rd5 Rb8 39. Rxa5 b3 40. Ra1 b2 41. Rb1 Ke8 42. Kf3 Kd7 43. e4 fxe4+ 44. Kxe4 Ke6 45. Kd4 Rb5 46. Kc4 Rb8 47. Kd4 f6 48. exf6 Kxd6 49. f7 Ke7 50. Rf1 Kf8 51. Rb1 Kxf7 52. Ke5 Kg7 53. Kf4 Rb3 54. g4 Rb4+ 55. Kf3 hxg4+ 56. Kg3 Kh6 57. Rxb2 Rxb2 0-1


[Site "https://www.chess.com"]